 Dungeon Crawl Stone Soup version 0.29-a0-67-g1d65ae1bb4 (webtiles) character file.

Game seed: 16891400949290313913

74 Essalna the Vexing (level 4, -3/34 HPs)
             Began as a Gnoll Arcane Marksman on Feb 3, 2022.
             Slain by Grinder (4 damage)
             ... on level 3 of the Dungeon.
             The game lasted 00:04:54 (2911 turns).

Essalna the Vexing (Gnoll Arcane Marksman)          Turns: 2911, Time: 00:04:55

Health: -3/34      AC:  7    Str: 10    XL:     4   Next: 28%
Magic:  8/8        EV: 12    Int: 14    God:
Gold:   85         SH:  0    Dex: 12    Spells: 8/9 levels left

rFire   . . .      SeeInvis .   a - +0 shortbow
rCold   . . .      Faith    .   (shield currently unavailable)
rNeg    . . .      Spirit   .   l - +0 leather armour
rPois   .          Reflect  .   k - +2 helmet
rElec   .          Harm     .   (no cloak)
rCorr   .          Rampage  .   q - +0 pair of gloves
Will    .....                   (no boots)
Stlth   +.........              (no amulet)
HPRegen 0.11/turn               (no ring)
MPRegen 0.11/turn               (no ring)

@: no status effects
A: fangs 1, strong nose, distributed training
a: no special abilities


You were on level 3 of the Dungeon.
You visited 1 branch of the dungeon, and saw 3 of its levels.

You collected 85 gold pieces.

Inventory:

Hand Weapons
 a - a +0 shortbow (weapon)
 f - a +0 mace
 j - a +0 hand axe of draining
 t - a +0 long sword
Missiles
 c - 45 arrows (quivered ammo)
Armour
 d - a +0 robe
 k - a +2 helmet (worn)
 l - a +0 leather armour (worn)
 q - a +0 pair of gloves (worn)
Wands
 o - a wand of flame (21)
Scrolls
 g - 2 scrolls of silence {unknown}
 i - 2 scrolls of identify {unknown}
 m - a scroll of teleportation {unknown}
 n - a scroll of fear {unknown}
 r - a scroll of fog {unknown}
 s - a scroll of noise {unknown}
 u - a scroll of summoning {unknown}
Potions
 b - 3 potions of degeneration {unknown}
 e - a potion of attraction {unknown}
 h - a potion of flight {unknown}
 p - a potion of resistance {unknown}


   Skills:
 + Level 2.7 Fighting
 + Level 1.1 Short Blades
 + Level 1.1 Long Blades
 + Level 1.1 Axes
 + Level 1.1 Maces & Flails
 + Level 1.1 Polearms
 + Level 1.1 Staves
 + Level 1.1 Slings
 + Level 4.6 Bows
 + Level 1.1 Crossbows
 + Level 1.1 Throwing
 + Level 1.1 Armour
 + Level 4.6 Dodging
 + Level 1.1 Stealth
 + Level 1.1 Shields
 + Level 1.1 Unarmed Combat
 + Level 3.0 Spellcasting
 + Level 0.8 Conjurations
 + Level 5.4 Hexes
 + Level 0.8 Summonings
 + Level 0.8 Necromancy
 + Level 0.8 Translocations
 + Level 0.8 Transmutations
 + Level 0.8 Fire Magic
 + Level 0.8 Ice Magic
 + Level 0.8 Air Magic
 + Level 0.8 Earth Magic
 + Level 0.8 Poison Magic
 + Level 1.2 Invocations
 + Level 1.1 Evocations


You had 8 spell levels left.
You knew the following spells:

 Your Spells              Type           Power      Damage    Failure   Level
a - Slow                  Hex            68%        N/A       3%          1

Your spell library contained the following spells:

 Spells                   Type           Power      Damage    Failure   Level
 Inner Flame              Hex/Fire       11%        N/A       24%         3
 Portal Projectile        Hex/Tloc       22%        N/A       24%         3
 Cause Fear               Hex            8%         N/A       30%         4


Dungeon Overview and Level Annotations

Branches:
Dungeon (3/15)

Altars:
Elyvilon

Annotations:
D:3 Grinder


Innate Abilities, Weirdness & Mutations

You have very sharp teeth.
Your uncanny sense of smell can sniff out nearby items.
Your experience applies equally to all skills.


Message History

Aim: Grinder (moderately wounded, 57% to hit)
You shoot an arrow. The arrow closely misses Grinder.
Fire: 50 arrows
Press: ? - help, Q - select action, (/) - cycle Shift-Dir - straight line, f/p - Grinder
Aim: Grinder (moderately wounded, 57% to hit)
You shoot an arrow. The arrow barely misses Grinder.
Fire: 49 arrows
Press: ? - help, Q - select action, (/) - cycle Shift-Dir - straight line, f/p - Grinder
Aim: Grinder (moderately wounded, 57% to hit)
You shoot an arrow. The arrow closely misses Grinder.
Grinder gestures at you.
You suddenly lose the ability to move!
Grinder hits you.
You writhe in agony.
* * * LOW HITPOINT WARNING * * *
Grinder hits you but does no damage. Grinder gestures at you.
You resist with significant effort.
You can move again.
Fire: 48 arrows
Press: ? - help, Q - select action, (/) - cycle Shift-Dir - straight line, f/p - Grinder
Aim: Grinder (lightly wounded, 57% to hit)
You shoot an arrow. The arrow hits Grinder.
Grinder is moderately wounded.
Grinder hits you but does no damage.
Fire: 47 arrows
Press: ? - help, Q - select action, (/) - cycle Shift-Dir - straight line, f/p - Grinder
Aim: Grinder (moderately wounded, 57% to hit)
You shoot an arrow. The arrow hits Grinder!
Grinder is heavily wounded.
Grinder misses you.
Fire: 46 arrows
Press: ? - help, Q - select action, (/) - cycle Shift-Dir - straight line, f/p - Grinder
Aim: Grinder (heavily wounded, 57% to hit)
You shoot an arrow.
The arrow hits Grinder but does no damage.
Grinder is heavily wounded.
Grinder hits you!
* * * LOW HITPOINT WARNING * * *
You writhe in agony.
You die...

## ### #(##########.#
#............#
#..#########.#
#..#########.###
####..............#
#..#...########.#.#
#..#...(.(......#.#
#5.#@5(##########.###
#..#(................
#..#...######.#.....#
#>.(.................
#..#(.#..............
#####.#####..........
#.#. #.........#
.#.#.. #.....#....
..#.#.P.#.#<..#....


You could see Grinder.

Vanquished Creatures
  Robin (D:2)
  An adder (D:2)
  6 endoplasms
  A giant cockroach (D:2)
  11 goblins
  3 hobgoblins
  6 jackals
  3 kobolds
  4 quokkas
  2 ball pythons
  5 bats
  2 frilled lizards (D:2)
  2 rats (D:1)
47 creatures vanquished.

Notes
Turn   | Place    | Note
-------+----------+-------------------------------------------
     0 | D:1      | Essalna the Gnoll Arcane Marksman began the quest for the
                  | Orb.
     0 | D:1      | Reached XP level 1. HP: 17/17 MP: 4/4
   476 | D:1      | Reached XP level 2. HP: 23/23 MP: 5/5
   692 | D:1      | Found a faded altar of an unknown god.
  1413 | D:2      | Reached XP level 3. HP: 25/28 MP: 7/7
  1770 | D:2      | Reached skill level 1 in Invocations
  1811 | D:2      | Noticed Robin
  1855 | D:2      | Killed Robin
  1856 | D:2      | Reached skill level 1 in Short Blades
  1856 | D:2      | Reached skill level 1 in Long Blades
  1856 | D:2      | Reached skill level 1 in Axes
  1856 | D:2      | Reached skill level 1 in Maces & Flails
  1856 | D:2      | Reached skill level 1 in Polearms
  1856 | D:2      | Reached skill level 1 in Staves
  1856 | D:2      | Reached skill level 1 in Slings
  1856 | D:2      | Reached skill level 1 in Crossbows
  1856 | D:2      | Reached skill level 1 in Throwing
  1856 | D:2      | Reached skill level 1 in Armour
  1856 | D:2      | Reached skill level 1 in Stealth
  1856 | D:2      | Reached skill level 1 in Shields
  1856 | D:2      | Reached skill level 1 in Unarmed Combat
  1856 | D:2      | Reached skill level 1 in Evocations
  1857 | D:2      | Reached XP level 4. HP: 26/34 MP: 8/8
  2789 | D:3      | Found a white marble altar of Elyvilon.
  2886 | D:3      | Noticed Grinder
  2904 | D:3      | Paralysed by Grinder for 5 turns
  2911 | D:3      | HP: 1/34 [Grinder (8)]
  2911 | D:3      | Slain by Grinder

Illustrated notes

Levels and vault maps discovered:
D:1:      elethiomel_arrival_quiet, layout_basic,
          chequers_ecumenical_altar_twisty, nrook_mini_backslash
D:2:      layout_loops_corners, uniq_robin
D:3:      layout_basic, old_standard_altar, serial_aquarium,
          aquarium_bridge_square [aquarium_subvault_bridge,
          aquarium_subvault_bridge, aquarium_subvault_window,
          aquarium_subvault_window], aquarium_bridge_island_small
          [aquarium_subvault_small_water, aquarium_subvault_bridge,
          aquarium_subvault_wall, aquarium_subvault_bridge,
          aquarium_subvault_wall], aquarium_window_1, aquarium_window_1,
          aquarium_view_2b, aquarium_balcony_1b, aquarium_pool_1, uniq_grinder

Skill      XL: |  1  2  3  4 |
---------------+-------------+-----
Invocations    | 1 |  1.2
Short Blades   | 1 |  1.1
Long Blades    | 1 |  1.1
Axes           | 1 |  1.1
Maces & Flails | 1 |  1.1
Polearms       | 1 |  1.1
Staves         | 1 |  1.1
Slings         | 1 |  1.1
Crossbows      | 1 |  1.1
Throwing       | 1 |  1.1
Armour         | 1 |  1.1
Stealth        | 1 |  1.1
Shields        | 1 |  1.1
Unarmed Combat | 1 |  1.1
Evocations     | 1 |  1.1
Spellcasting   | 3 |  3.0
Fighting       | |  2.7
Bows           | |  4.6
Dodging        | |  4.6
Conjurations   | |  0.8
Hexes          | |  5.4
Summonings     | |  0.8
Necromancy     | |  0.8
Translocations | |  0.8
Transmutations | |  0.8
Fire Magic     | |  0.8
Ice Magic      | |  0.8
Air Magic      | |  0.8
Earth Magic    | |  0.8
Poison Magic   | |  0.8

Action                   |  1- 3 |  4- 6 || total
-------------------------+-------+-------++-------
Melee: Mace              |   112 |     4 ||   116
       Bite              |     6 |       ||     6
       Punch             |     1 |       ||     1
       Long sword        |       |    10 ||    10
 Fire: Shortbow          |    18 |    34 ||    52
 Stab: Sleeping          |     1 |     2 ||     3
Armor: Leather armour    |    57 |     6 ||    63
       Robe              |     2 |       ||     2
Dodge: Dodged            |    96 |    12 ||   108

Table legend: (Time is in decaauts)
 A = Elapsed time spent in this place.
 B = Non-inter-level travel time spent in this place.
 C = Inter-level travel time spent in this place.
 D = Time resting spent in this place.
 E = Time spent auto-exploring this place.
 F = Levels seen in this place.
 G = Mean time per level.
                   A        B        C        D        E       F      G
               +--------+--------+--------+--------+--------+-----+--------+
         Total |   2958 |   2912 |     46 |      0 |   2405 |   3 |  986.0 |
       Dungeon |   2958 |   2912 |     46 |      0 |   2405 |   3 |  986.0 |
               +--------+--------+--------+--------+--------+-----+--------+

Top non-repeatable levels by time:
     D:1: 1302 daAuts
     D:2: 1212 daAuts
     D:3: 443 daAuts
